 Dungeon Crawl Stone Soup version 0.28-a0-563-gf77a47075d (webtiles) character file.

Game seed: 10891434238181785928

799 hydra the Magician (level 7, 0/36 HPs)
             Began as a Deep Elf Conjurer on Sept 30, 2021.
             Slain by an orc wizard (1 damage)
             ... on level 5 of the Dungeon.
             The game lasted 00:14:30 (6091 turns).

hydra the Magician (Deep Elf Conjurer)              Turns: 6091, Time: 00:14:30

Health: 0/36       AC:  3    Str:  1 (4)  XL:     7   Next: 59%
Magic:  17/19      EV: 12    Int: 24 (25) God:
Gold:   199        SH:  0    Dex: 11 (13) Spells: 7/20 levels left

rFire   . . .      SeeInvis .   (no weapon)
rCold   . . .      Faith    .   (no shield)
rNeg    . . .      Spirit   .   a - +0 robe
rPois   .          Reflect  .   (no helmet)
rElec   .          Harm     .   (no cloak)
rCorr   .          Rampage  .   (no gloves)
Will    .....                   e - +0 pair of boots
Stlth   ++........              (no amulet)
HPRegen 0.12/turn               (no ring)
MPRegen 0.16/turn               (no ring)

@: no status effects
A: no striking features
a: no special abilities


You were on level 5 of the Dungeon.
You visited 1 branch of the dungeon, and saw 5 of its levels.

You collected 199 gold pieces.

Inventory:

Armour
 a - a +0 robe (worn)
 e - a +0 pair of boots (worn)
Jewellery
 m - a ring of magical power
Scrolls
 i - 3 scrolls of identify
Potions
 b - a potion of lignification {unknown}
 d - 2 potions of curing
 g - a potion of invisibility {unknown}
 h - 2 potions of degeneration
 j - a potion of haste {unknown}
 k - 2 potions of berserk rage {unknown}


   Skills:
 + Level 3.2 Dodging
 - Level 3.0 Stealth
 - Level 7.4 Spellcasting
 + Level 7.2 Conjurations
 * Level 4.4 Hexes


You had 7 spell levels left.
You knew the following spells:

 Your Spells              Type           Power      Damage    Failure   Level
a - Magic Dart            Conj           100%       1d8       1%          1
b - Searing Ray           Conj           86%        2d7       1%          2
c - Dazzling Flash        Conj/Hex       74%        N/A       1%          3
d - Fulminant Prism       Conj/Hex       18%        3d11      6%          4
e - Tukima's Dance        Hex            30%        N/A       3%          3

Your spell library contained the following spells:

 Spells                   Type           Power      Damage    Failure   Level
 Ensorcelled Hibernation  Hex/Ice        38%        N/A       4%          2
 Stone Arrow              Conj/Erth      52%        3d10      4%          3
 Sandblast                Erth           16%        2d6       7%          1
 Corpse Rot               Necr/Air       N/A        N/A       11%         2
 Passwall                 Tmut/Erth      6%         N/A       11%         2
 Poisonous Vapours        Pois/Air       16%        N/A       11%         2
 Iskenderun's Mystic Bla  Conj/Tloc      26%        2d7       16%         4
 Swiftness                Air            8%         N/A       21%         3
 Invisibility             Hex            15%        N/A       86%         6


Dungeon Overview and Level Annotations

Branches:
Dungeon (5/15)             Temple (0/1) D:5

Altars:
Cheibriados
Elyvilon

Shops:
D:2 (


Message History

The orc wizard is severely wounded.
The searing ray hits the orc wizard.
The orc wizard is moderately wounded.
You finish channelling your searing ray.
The orc wizard casts a spell at you. The puff of flame hits you!
Unknown command.
As you read the scroll labelled LIHUONI NONI, it crumbles to dust.
It is a scroll of enchant weapon.
You aren't carrying any weapons that can be enchanted.
The orc priest miscasts a cantrip.
The orc wizard jeers loudly.
The orc wizard mumbles some strange words.
The orc wizard flickers and vanishes!
Deactivating autopickup; reactivate with Ctrl-A.
The orc priest calls upon Beogh to heal the orc wizard.
The orc priest calls upon Beogh to heal the orc wizard.
The orc wizard mumbles some strange words.
The orc wizard flickers and vanishes!
The orc priest invokes the aid of Beogh against you.
Beogh smites you!
* * * LOW HITPOINT WARNING * * *
You feel better.
A magic dart appears from out of thin air!
The magic dart hits you!
* * * LOW HITPOINT WARNING * * *
Something hits you.
* * * LOW HITPOINT WARNING * * *
A magic dart appears from out of thin air!
The magic dart hits you.
* * * LOW HITPOINT WARNING * * *
It was a potion of degeneration.
There was something very wrong with that liquid.
You feel weakened.
You feel dopey.
You feel clumsy. Something hits you.
* * * LOW HITPOINT WARNING * * *
Okay, then.
Okay, then.
Something hits you.
You die...

*,,,,#...#...#...')..........,,,,
*,,,,#...'...#...#.).<.....#***,,
*,,,*##..##..#...#....######,,*,,
***+###..##..##..#....#,,,*,,,*,,
*,,,#....##..##..#....#,,,*,,,+,,
*,,,#........##..#....#,,,**,,*,,
**+*##...##......#....#,,,**+**,,
.....#...##.o.{..#....#,,,**,,*,,
.....#...##..##.@'....#,,,,,,,*,,
,....#...##..##..#....#,,,**,,*,,
,....######..#...#....#*****,,+,,
***#......#..##..#....#,,,,*,,*,,
,,,#......#o.#####....#,,,,*,,***
,,,#......#...# #....#,,,,*,,*,,
,,,#......'...# #....#,,,**,,*,,
*,,#.....o##### #....#,,,**,,*,,
***###'##.....# *,,,,*,,,**,,**,


You could see an orc priest.

Vanquished Creatures
  An orc warrior (D:5)
  An ogre (D:4)
  A bullfrog (D:5)
  2 scorpions
  A howler monkey (D:4)
  An orc priest (D:5)
  A hound (D:5)
  A jelly (D:5)
  A bullfrog skeleton (D:5)
  An iguana (D:5)
  10 gnolls
  4 adders
  4 dart slugs
  11 orcs
  9 ball pythons
  7 bats
  7 endoplasms
  2 giant cockroaches
  8 goblins
  5 hobgoblins
  2 jackals (D:4)
  A quokka (D:4)
  3 frilled lizards
  A jackal skeleton (D:4)
  5 kobolds
  7 rats
97 creatures vanquished.

Vanquished Creatures (collateral kills)
  2 gnolls (D:3)
2 creatures vanquished.

Grand Total: 99 creatures vanquished

Notes
Turn   | Place    | Note
-------+----------+-------------------------------------------
     0 | D:1      | hydra the Deep Elf Conjurer began the quest for the Orb.
     0 | D:1      | Reached XP level 1. HP: 10/10 MP: 6/6
   321 | D:1      | Reached XP level 2. HP: 15/15 MP: 5/8
   324 | D:1      | Learned a level 2 spell: Searing Ray
   345 | D:1      | Found a faded altar of an unknown god.
   611 | D:1      | Reached skill level 5 in Conjurations
  1089 | D:1      | Reached XP level 3. HP: 19/19 MP: 6/10
  1522 | D:2      | Found a white marble altar of Elyvilon.
  1557 | D:2      | Found Reliedeh's Weapon Shoppe.
  2676 | D:3      | Reached XP level 4. HP: 18/24 MP: 7/12
  3076 | D:3      | Reached skill level 5 in Spellcasting
  3084 | D:3      | Reached XP level 5. HP: 4/28 MP: 2/14
  3791 | D:3      | Found a snail-covered altar of Cheibriados.
  4627 | D:4      | Reached XP level 6. HP: 32/32 MP: 12/17
  4741 | D:4      | Learned a level 3 spell: Dazzling Flash
  5264 | D:5      | Entered Level 5 of the Dungeon
  5264 | D:5      | Noticed an orc warrior
  5287 | D:5      | Reached skill level 1 in Hexes
  5403 | D:5      | Found a staircase to the Ecumenical Temple.
  5420 | D:5      | Reached XP level 7. HP: 31/36 MP: 13/19
  5786 | D:4      | Learned a level 4 spell: Fulminant Prism
  5790 | D:4      | Learned a level 3 spell: Tukima's Dance
  6089 | D:5      | HP: 1/36 [something (1)]
  6091 | D:5      | Slain by an orc wizard

Illustrated notes

Levels and vault maps discovered:
D:1:      onia_arrival_mini_spirals, layout_basic, basic_ecumenical_altar,
          serial_curves, eino_curves_01, eino_curves_04, eino_curves_01,
          minmay_tall_x
D:2:      layout_basic, basic_altar, serial_shops, nicolae_shop_statue_plus,
          nrook_campfire
D:3:      layout_basic, mainiacjoe_overflow_alcove_4
D:4:      layout_cave_pools, grunt_ministairs_3
D:5:      layout_gridville, temple_fountains, ebering_ghost_disaster_area

Skill      XL: |  1  2  3  4  5  6  7 |
---------------+----------------------+-----
Conjurations   | 5 6 7 |  7.2
Spellcasting   | 4 5 6 7 |  7.4
Hexes          | 2 4 |  4.4
Stealth        | 3 |  3.0
Dodging        | 3 |  3.2

Action                   |  1- 3 |  4- 6 |  7- 9 || total
-------------------------+-------+-------+-------++-------
 Cast: Magic Dart        |    66 |    55 |    20 ||   141
       Searing Ray       |     6 |    20 |    10 ||    36
  Use: Scroll            |     3 |     6 |     4 ||    13
       Potion            |       |       |     5 ||     5
Armor: Robe              |     2 |     4 |     2 ||     8
Dodge: Dodged            |     1 |    10 |     3 ||    14

Table legend: (Time is in decaauts)
 A = Elapsed time spent in this place.
 B = Non-inter-level travel time spent in this place.
 C = Inter-level travel time spent in this place.
 D = Time resting spent in this place.
 E = Time spent auto-exploring this place.
 F = Levels seen in this place.
 G = Mean time per level.
                   A        B        C        D        E       F      G
               +--------+--------+--------+--------+--------+-----+--------+
         Total |   6095 |   5730 |    365 |    872 |   4242 |   5 | 1219.0 |
       Dungeon |   6095 |   5730 |    365 |    872 |   4242 |   5 | 1219.0 |
               +--------+--------+--------+--------+--------+-----+--------+

Top non-repeatable levels by time:
     D:3: 1840 daAuts
     D:1: 1511 daAuts
     D:4: 1144 daAuts
     D:2: 863 daAuts
     D:5: 735 daAuts
